 Dungeon Crawl Stone Soup version 0.30-a0-371-gad7725a93e (webtiles) character file.

Game seed: 7744895645782528225

60 bande the Trooper (level 4, -7/29 HPs)
             Began as a Gargoyle Fighter on Nov 22, 2022.
             Killed from afar by Sigmund (8 damage)
             ... with a bolt of dispelling energy
             ... on level 2 of the Dungeon.
             The game lasted 00:02:06 (1075 turns).

bande the Trooper (Gargoyle Fighter)                Turns: 1075, Time: 00:02:06

Health: -7/29      AC: 14    Str: 19    XL:     4   Next: 6%
Magic:  4/4        EV:  7    Int:  9    God:
Gold:   73         SH:  4    Dex: 11    Spells: 3/3 levels left

rFire   . . .      SeeInvis .    a - +0 war axe
rCold   . . .      Faith    .    c - +0 buckler
rNeg    + . .      Spirit   .    g - +0 chain mail
rPois   ∞          Reflect  .    h - +2 hat
rElec   +          Harm     .    (no cloak)
rCorr   .          Rampage  .    (no gloves)
Will    .....                    (no boots)
Stlth   ..........               (no amulet)
HPRegen 0.24/turn                (no ring)
MPRegen 0.09/turn                (no ring)

@: no status effects
A: sickness immunity, AC +3, negative energy resistance 1, electricity
resistance, torment resistance 1, petrification resistance
a: no special abilities


You were on level 2 of the Dungeon.
You visited 1 branch of the dungeon, and saw 2 of its levels.

You collected 73 gold pieces.

Inventory:

Hand Weapons
 a - a +0 war axe (weapon)
Armour
 c - a +0 buckler (worn)
 g - a +0 chain mail (worn)
 h - a +2 hat (worn)
Scrolls
 b - a scroll of enchant armour {unknown}
 e - a scroll of magic mapping {unknown}
 f - a scroll of identify {unknown}
 i - a scroll of teleportation {unknown}
 k - a scroll of enchant weapon {unknown}
Potions
 j - a potion of lignification {unknown}
 l - a potion of mutation {unknown}


   Skills:
 + Level 3.9 Fighting
 + Level 2.6 Axes
 + Level 3.6 Armour
 + Level 3.8 Shields


You had 3 spell levels left.
You didn't know any spells.
Your spell library contained the following spells:

 Spells                   Type           Power      Damage    Failure   Level
 Shock                    Conj/Air       0%         1d3       99%         1
 Swiftness                Air            0%         N/A       100%        3
 Airstrike                Air            0%         2d(0-16)  100%        4


Dungeon Overview and Level Annotations

Branches:
Dungeon (2/15)

Altars:

Annotations:
D:2 Sigmund


Innate Abilities, Weirdness & Mutations

You are immune to sickness and miasma.
Your stone body is resilient. (AC +3)
You are immune to poison.
You resist negative energy. (rN+)
You are resistant to electric shocks. (rElec)
You are resistant to unholy torment.
You are immune to petrification.


Message History

No target in view!
You see here the +3 sling "Imoirhor" {drain, rC+ Dex+4}.
Found a leather armour.
Sigmund the Dreaded comes into view.
He is wielding a +0 scythe and carrying a wand of quicksilver (8).
Sigmund shouts!
Sigmund zaps a wand.
The bolt of dispelling energy hits you but does no damage.
Found a stone staircase leading down.
You see here 6 gold pieces.
You feel very mighty all of a sudden.
Sigmund zaps a wand.
The bolt of dispelling energy hits you!
Your magical effects are unravelling.
You feel a little less mighty now.
Sigmund zaps a wand.
The bolt of dispelling energy hits you!
Ouch! That really hurt!
* * * LOW HITPOINT WARNING * * *
Sigmund gestures at you while chanting.
The puff of flame hits you but does no damage.
You see here a +0 leather armour.
Found 2 scrolls labelled RUNULO EGOAWNE.
Sigmund zaps a wand.
The bolt of dispelling energy misses you.
Sigmund closely misses you.
You closely miss Sigmund. Sigmund hits you with a +0 scythe.
* * * LOW HITPOINT WARNING * * *
You closely miss Sigmund. Sigmund completely misses you.
You barely miss Sigmund.
Sigmund zaps a wand.
The bolt of dispelling energy hits you but does no damage.
You slash Sigmund!
Sigmund is moderately wounded.
Sigmund hits you but does no damage.
Unknown command.
You barely miss Sigmund.
Sigmund is moderately wounded.
Sigmund hits you with a +0 scythe.
* * * LOW HITPOINT WARNING * * *
You hit Sigmund.
Sigmund is moderately wounded.
Sigmund zaps a wand.
The bolt of dispelling energy hits you!
You die...

###### . #..... #?. ###
##.####
.....######.######...###
#>.@@.[.$............
P.~P.######.######...#..
~.~ #########..... P
#.......... ##.####.....
#...####.#.#
#........#.#
#...######.. ##.## ###


You could see Sigmund.

Vanquished Creatures
  2 adders (D:2)
  A worm (D:2)
  A dart slug (D:2)
  2 bats
  2 endoplasms
  A giant cockroach (D:1)
  6 hobgoblins (D:1)
  4 jackals (D:1)
  2 quokkas (D:1)
  A ball python (D:1)
  4 frilled lizards
  2 goblins (D:1)
  5 kobolds
  4 rats
37 creatures vanquished.

Notes
Turn   | Place    | Note
-------+----------+-------------------------------------------
     0 | D:1      | bande the Gargoyle Fighter began the quest for the Orb.
     0 | D:1      | Reached XP level 1. HP: 14/14 MP: 1/1
   187 | D:1      | Reached XP level 2. HP: 2/19 MP: 2/2
   512 | D:1      | Reached XP level 3. HP: 23/23 MP: 3/3
   943 | D:2      | Reached XP level 4. HP: 29/29 MP: 4/4
  1013 | D:2      | Identified the +3 sling "Imoirhor" {drain, rC+ Dex+4}
  1063 | D:2      | Noticed Sigmund
  1074 | D:2      | HP: 1/29 [Sigmund/+0 scythe (4)]
  1075 | D:2      | Killed from afar by Sigmund

Illustrated notes

Levels and vault maps discovered:
D:1:      psy_arrival_dodecagon, layout_basic
D:2:      layout_loops_ring, basic_altar, minmay_misc_feat_iff,
          serial_bayou_lagoon_b, uniq_sigmund, uniq_crazy_yiuf_cottage

Skill      XL: |  1  2 |
---------------+-------+-----
Axes           | 2 |  2.6
Fighting       | |  3.9
Armour         | |  3.6
Shields        | |  3.8

Action                   |  1- 3 |  4- 6 || total
-------------------------+-------+-------++-------
Melee: War axe           |    97 |     9 ||   106
  Use: Potion            |     1 |     1 ||     2
Armor: Scale mail        |    29 |       ||    29
       Chain mail        |    69 |     4 ||    73
Dodge: Dodged            |    57 |     4 ||    61
Block: Buckler           |    24 |       ||    24

Table legend: (Time is in decaauts)
 A = Elapsed time spent in this place.
 B = Non-inter-level travel time spent in this place.
 C = Inter-level travel time spent in this place.
 D = Time resting spent in this place.
 E = Time spent auto-exploring this place.
 F = Levels seen in this place.
 G = Mean time per level.
                   A        B        C        D        E       F      G
               +--------+--------+--------+--------+--------+-----+--------+
         Total |   1119 |   1119 |      0 |    160 |    648 |   2 |  559.5 |
       Dungeon |   1119 |   1119 |      0 |    160 |    648 |   2 |  559.5 |
               +--------+--------+--------+--------+--------+-----+--------+

Top non-repeatable levels by time:
     D:1: 787 daAuts
     D:2: 331 daAuts
